 Dungeon Crawl Stone Soup version 0.28-a0-667-g162e43154e (webtiles) character file.

Game seed: 18254202760473679584

60 Conn the Firebug (level 4, -4/27 HPs)
             Began as an Octopode Fire Elementalist on Oct 17, 2021.
             Slain by a gnoll (6 damage)
             ... on level 2 of the Dungeon.
             The game lasted 00:03:25 (1299 turns).

Conn the Firebug (Octopode Fire Elementalist)       Turns: 1299, Time: 00:03:25

Health: -4/27      AC:  2    Str:  7    XL:     4   Next: 6%
Magic:  3/7        EV: 13    Int: 18    God:
Gold:   60         SH:  0    Dex: 12    Spells: 7/8 levels left

rFire   . . .      SeeInvis .   g - +0 short sword
rCold   . . .      Faith    .   (no shield)
rNeg    . . .      Spirit   .   d - +1 hat
rPois   .          Reflect  .   (no amulet)
rElec   .          Harm     .   (no ring)
rCorr   .          Rampage  .   (no ring)
Will    .....                   (no ring)
Stlth   +++.......              (no ring)
HPRegen 0.09/turn               (no ring)
MPRegen 0.10/turn               (no ring)
                                (no ring)
                                (no ring)

@: no status effects
A: almost no armour, amphibious, 8 rings, camouflage 1, gelatinous body 1,
(nimble swimmer 1), tentacles
a: no special abilities


You were on level 2 of the Dungeon.
You visited 1 branch of the dungeon, and saw 2 of its levels.

You collected 60 gold pieces.

Inventory:

Hand Weapons
 e - a +0 dagger
 g - a +0 short sword (weapon)
Armour
 d - a +1 hat (worn)
Scrolls
 a - a scroll of identify {unknown}
 b - a scroll of amnesia {unknown}
Potions
 c - 3 potions of lignification {unknown}
 f - 2 potions of curing {unknown}


   Skills:
 + Level 0.4 Fighting
 + Level 2.0 Dodging
 + Level 3.0 Stealth
 + Level 2.5 Spellcasting
 + Level 1.5 Conjurations
 + Level 4.0 Fire Magic


You had 7 spell levels left.
You knew the following spells:

 Your Spells              Type           Power      Damage    Failure   Level
a - Foxfire               Conj/Fire      48%        2x1d6     5%          1

Your spell library contained the following spells:

 Spells                   Type           Power      Damage    Failure   Level
 Scorch                   Fire           32%        2d7       4%          2
 Conjure Flame            Conj/Fire      12%        6-21      17%         3
 Inner Flame              Hex/Fire       9%         N/A       22%         3
 Flame Wave               Conj/Fire      12%        3d4       50%         4


Dungeon Overview and Level Annotations

Branches:
Dungeon (2/15)

Altars:

Shops:
D:2 =**


Innate Abilities, Weirdness & Mutations

You cannot wear most types of armour.
You are amphibious.
You can wear up to eight rings at the same time.
Your skin changes colour to match your surroundings (Stealth+).
Your rubbery body absorbs attacks. (AC +1, EV +1)
((You are camouflaged near water. (Stealth+)))
You have tentacles for arms and can constrict up to eight enemies at once.


Message History

You are very lightly contaminated with residual magic.
Nothing appears to happen.
The ball python completely misses you. The ball python closely misses you.
Casting: Foxfire (safe; 5% risk of failure)
Confirm with . or Enter, or press ? or * to list all spells.
You conjure some foxfire!
The ball python bites you but does no damage.
The ball python closely misses you. The ball python bites you.
* * * LOW HITPOINT WARNING * * *
The ball python grabs you. The ball python constricts you.
You escape the ball python's grasp.
The foxfire hits the ball python.
You kill the ball python!
The foxfire hits the ball python.
The ball python is severely wounded.
Your Stealth skill increases to level 3!
Your magical contamination has completely faded away.
The ball python barely misses you. The ball python closely misses you.
The ball python bites you.
* * * LOW HITPOINT WARNING * * *
The ball python closely misses you.
The helpless endoplasm fails to defend itself.
You puncture the endoplasm!
You kill the endoplasm!
The ball python bites you.
* * * LOW HITPOINT WARNING * * *
The ball python barely misses you. The ball python bites you.
* * * LOW HITPOINT WARNING * * *
The ball python barely misses you.
Casting: Foxfire (safe; 5% risk of failure)
Confirm with . or Enter, or press ? or * to list all spells.
You conjure some foxfire!
The ball python bites you.
* * * LOW HITPOINT WARNING * * *
The ball python barely misses you. The ball python closely misses you. x2
The foxfire hits the ball python.
You kill the ball python!
The foxfire hits the gnoll.
The gnoll is moderately wounded.
The gnoll hits you from afar with a +0 halberd.
You die...

#. ...# .. #..# ## #..# #
#. #..# .## ####### #.#
#..####... .∩.... . #.#
#..#...#####....##### #
#.###...................#
#.....g§@..# #..(..#.# # .
#.......§..# ##...#....
..#.......########..#...#..
#.#..g.J..#....g..#.$.#...#
#.#.#.#..##...g.#...#...#..
#.#.#....##...#...#...#...#
#...#.∩.###.#...#...#...#..
#..J#.........#...#...#...#
#...#.#.....#...#...#...#..


You could see 2 gnolls and an endoplasm.

Vanquished Creatures
  A gnoll (D:2)
  2 adders (D:2)
  2 ball pythons (D:2)
  A bat (D:1)
  2 endoplasms (D:2)
  A giant cockroach (D:1)
  4 goblins
  4 jackals (D:1)
  A quokka (D:2)
  4 kobolds
  11 rats
33 creatures vanquished.

Vanquished Creatures (others)
  83 foxfires
83 creatures vanquished.

Grand Total: 116 creatures vanquished

Notes
Turn   | Place    | Note
-------+----------+-------------------------------------------
     0 | D:1      | Conn the Octopode Fire Elementalist began the quest for the
                  | Orb.
     0 | D:1      | Reached XP level 1. HP: 11/11 MP: 3/3
   378 | D:1      | Reached XP level 2. HP: 17/17 MP: 0/5
  1001 | D:2      | Reached XP level 3. HP: 21/21 MP: 1/6
  1128 | D:2      | Found Idoim's Jewellery Boutique.
  1226 | D:2      | Found Xaq Mumo's Assorted Antiques.
  1230 | D:2      | Reached skill level 4 in Fire Magic
  1230 | D:2      | Reached XP level 4. HP: 27/27 MP: 0/7
  1241 | D:2      | Found Atrit's General Store.
  1299 | D:2      | Slain by a gnoll

Illustrated notes

Levels and vault maps discovered:
D:1:      amcnicky_arrival_double_pillar, layout_basic, minmay_statues_item,
          kennysheep_nondescript, minmay_pentomino_v2
D:2:      layout_basic, serial_shops, nicolae_shop_stone, shop_fountains,
          nicolae_shop_stone, shop, shop, ebering_ecumenical_altar_box,
          hex_large, minmay_rat_gold_closets

Skill      XL: |  1  2  3  4 |
---------------+-------------+-----
Fire Magic     | 4 |  4.0
Stealth        | 3 |  3.0
Fighting       | |  0.4
Dodging        | |  2.0
Spellcasting   | |  2.5
Conjurations   | |  1.5

Action                   |  1- 3 |  4- 6 || total
-------------------------+-------+-------++-------
Melee: Unarmed           |    14 |       ||    14
       Tentacles         |     8 |       ||     8
       Constrict         |     9 |       ||     9
       Dagger            |    11 |       ||    11
       Short sword       |     3 |     1 ||     4
 Cast: Foxfire           |    46 |     3 ||    49
 Stab: Sleeping          |     1 |     1 ||     2
Armor: Skin              |     5 |     2 ||     7
Dodge: Dodged            |    20 |    21 ||    41

Table legend: (Time is in decaauts)
 A = Elapsed time spent in this place.
 B = Non-inter-level travel time spent in this place.
 C = Inter-level travel time spent in this place.
 D = Time resting spent in this place.
 E = Time spent auto-exploring this place.
 F = Levels seen in this place.
 G = Mean time per level.
                   A        B        C        D        E       F      G
               +--------+--------+--------+--------+--------+-----+--------+
         Total |   1298 |   1283 |     15 |     35 |    881 |   2 |  649.0 |
       Dungeon |   1298 |   1283 |     15 |     35 |    881 |   2 |  649.0 |
               +--------+--------+--------+--------+--------+-----+--------+

Top non-repeatable levels by time:
     D:1: 838 daAuts
     D:2: 459 daAuts
